 Dungeon Crawl Stone Soup version 0.18-a0-990-g74cdb39 (webtiles) character file.

296 M4edhros the Sneak (level 6, -8/38 HPs)
             Began as an Octopode Artificer on Jan 4, 2016.
             Shot with an arrow by a centaur (16 damage)
             ... on level 4 of the Dungeon.
             The game lasted 00:03:11 (1482 turns).

M4edhros the Sneak (Octopode Artificer)             Turns: 1482, Time: 00:03:11

Health: -8/38      AC:  1    Str: 10    XL:     6   Next: 34%
Magic:  9/9        EV: 13    Int: 17    God:
Gold:   36         SH:  0    Dex: 12    Spells: 0 memorised, 5 levels left

rFire  . . .     SeeInvis .     i - +4 halberd
rCold  . . .     Gourm    .     (shield currently unavailable)
rNeg   . . .     Faith    .     (helmet restricted)
rPois  .         Spirit   .     (no amulet)
rElec  .         Dismiss  .     (no ring)
rCorr  .         Reflect  .     (no ring)
SustAt .         Harm     .     (no ring)
MR     .....                    (no ring)
Stlth  ++++......               (no ring)
                                (no ring)
                                (no ring)
                                (no ring)

@: not resistant to hostile enchantments, stealthy
A: almost no armour, amphibious, 8 rings, constrict 8, camouflage 1, gelatinous
body 1
a: no special abilities


You were on level 4 of the Dungeon.
You were not hungry.

You visited 1 branch of the dungeon, and saw 4 of its levels.

You collected 36 gold pieces.

Inventory:

Hand Weapons
 a - a +0 short sword
 i - a +4 halberd (weapon)
 k - a +1 hunting sling of freezing
Missiles
 h - 5 poisoned tomahawks
 j - 43 stones (quivered)
Wands
 b - a wand of flame (8/48)
 c - a wand of enslavement (15/24)
 d - a wand of random effects (25/48)
 m - a wand of frost (28/48)
 r - a wand of paralysis (2/24)
Scrolls
 g - 2 scrolls of blinking
 o - 3 scrolls of remove curse
 p - a scroll of teleportation {unknown}
 t - a scroll of fog {unknown}
Potions
 e - a potion of lignification {unknown}
 l - a potion of beneficial mutation {unknown}
 n - a potion of cancellation {unknown}
Books
 q - a book of the Earth

   Spells                             Type                      Level
   a - Leda's Liquefaction            Hexes/Earth                  4
   b - Bolt of Magma                  Conjuration/Fire/Earth       5
   c - Statue Form                    Transmutation/Earth          6
   d - Iron Shot                      Conjuration/Earth            6
   e - Shatter                        Earth                        9
Comestibles
 f - 3 bread rations


   Skills:
 - Level 1.0 Fighting
 - Level 1.0 Short Blades
 * Level 2.8 Slings
 * Level 3.9 Dodging
 * Level 5.0 Stealth
 + Level 4.1 Evocations


You had 5 spell levels left.
You didn't know any spells.

Dungeon Overview and Level Annotations

Branches:
Dungeon (4/15)
 Temple: D:4-7

Altars:

Shops:
D:4 !


Innate Abilities, Weirdness & Mutations

You cannot wear most types of armour.
You are amphibious.
You can wear up to eight rings at the same time.
You can use your tentacles to constrict eight enemies at once.
Your skin changes colour to match your surroundings (Stealth).
Your rubbery body absorbs attacks (AC +1).


Message History

Aim: a centaur, wielding a shortbow (moderately wounded)
The bolt of fire misses the centaur.
This wand has 25 charges left.
The centaur shoots an arrow.
The arrow barely misses you.
Evoke which item? (* to show all) (? for menu, Esc to quit)
Zapping:
r - a wand of paralysis (will waste charges)
Press: ? - help, Shift-Dir - straight line, f/p - centaur
Aim: a centaur, wielding a shortbow (moderately wounded, chance to defeat MR: 54%)
The centaur resists with significant effort.
Evoking this partially-identified wand wasted a few charges.
The centaur shoots an arrow.
The arrow hits you!
The centaur shoots an arrow.
The arrow hits you.
* * * LOW HITPOINT WARNING * * *
Evoke which item? (* to show all) (? for menu, Esc to quit)
Zapping:
r - a wand of paralysis {zapped: 3} (will waste charges)
Press: ? - help, Shift-Dir - straight line, f/p - centaur
Aim: a centaur, wielding a shortbow (moderately wounded, chance to defeat MR: 54%)
The centaur resists with significant effort.
Evoking this partially-identified wand wasted a few charges.
The centaur shoots an arrow.
The arrow hits you!
You die...

###.# #.# #########...# #...
#...........#.#### #.##
#.##........#.#...### #.##
#####.##.#<.O...# ... #.# ####.##
......###..#.######.###.. #....##
......+ ##.#.....#.$..#.###.#..##
.....## #.#..##.#..#.#........##
#.....##...#÷.##@#....#.###....##
...........c...............>..?..
......######..##........†.)....##
.[....# #..####...........###
......# #........####.#....#
......# #.####...# .......##
##.#.## .........#.##.....#
#.#..# ...#....# #.#.#.# ^#.#....
.# #..#.# #.#...#


You could see a centaur.

Vanquished Creatures
  A phantom (D:4)
  An ogre (D:4)
  2 hounds (D:4)
  A gnoll (D:2)
  An adder (D:2)
  A worm (D:4)
  An orc (D:4)
  4 giant cockroaches
  2 goblins
  5 hobgoblins
  9 jackals
  A kobold (D:2)
  2 quokkas
  7 bats
  4 giant newts (D:1)
  A rat (D:2)
43 creatures vanquished.

Notes
Turn   | Place    | Note
--------------------------------------------------------------
     0 | D:1      | M4edhros the Octopode Artificer began the quest for the Orb.
     0 | D:1      | Reached XP level 1. HP: 13/13 MP: 3/3
   286 | D:1      | Reached XP level 2. HP: 16/18 MP: 4/4
   908 | D:2      | Reached XP level 3. HP: 23/23 MP: 5/5
  1096 | D:3      | Reached skill level 1 in Slings
  1141 | D:4      | Found Ezaezxi's Distillery.
  1148 | D:4      | Noticed a phantom
  1156 | D:4      | Killed a phantom
  1156 | D:4      | Reached skill level 4 in Stealth
  1156 | D:4      | Reached XP level 4. HP: 28/28 MP: 6/6
  1156 | D:4      | Reached XP level 5. HP: 33/33 MP: 7/7
  1214 | D:4      | Noticed an ogre
  1220 | D:4      | Noticed a centaur
  1423 | D:4      | Noticed an ogre
  1431 | D:4      | Killed an ogre
  1431 | D:4      | Reached XP level 6. HP: 38/38 MP: 9/9
  1440 | D:4      | Reached skill level 5 in Stealth
  1482 | D:4      | Shot with an arrow by a centaur

Vault maps used:
D:1:      evilmike_arrival_hilbert_curve
D:2:      ecumenical_altar_2, minmay_ruptured, uniq_natasha
D:3:      lemuel_crystal_altar
D:4:      kennysheep_mini, serial_shops, shop, portal_sewer_entry_e

Action                   |  1- 3 |  4- 6 || total
-------------------------+-------+-------++-------
Melee: Short sword       |    51 |       ||    51
       Halberd           |    11 |    24 ||    35
Evoke: Wand              |     6 |     9 ||    15
  Use: Scroll            |     5 |     3 ||     8
       Potion            |       |     1 ||     1
 Stab: Sleeping          |    10 |     4 ||    14
  Eat: Chunk             |       |     2 ||     2
